 Dungeon Crawl Stone Soup version 0.25.1-1-g288607f5aa (webtiles) character file.

Game seed: 1360661752241045018

2240 lepoulpe303 the Transmogrifier (level 9, -1/42 HPs)
             Began as a Spriggan Venom Mage on July 27, 2020.
             Was an Initiate of Ashenzari.
             Killed by divine providence
             ... invoked by an orc priest
              (9 damage)
             ... on level 6 of the Dungeon on July 29, 2020.
             The game lasted 00:37:57 (8358 turns).

lepoulpe303 the Transmogrifier (SpVM)               Turns: 8358, Time: 00:37:57

Health: -1/42      AC:  2    Str:  4    XL:     9   Next: 14%
Magic:  18/18      EV: 22    Int: 20    God:    Ashenzari [......]
Gold:   317        SH:  0    Dex: 16    Spells: 6/19 levels left

rFire    . . .     SeeInvis +   u - +4 dagger (venom) (curse)
rCold    + . .     Gourm    .   (shield restricted)
rNeg     . . .     Faith    .   a - +0 robe
rPois    .         Spirit   .   (helmet restricted)
rElec    .         Reflect  .   (no cloak)
rCorr    .         Harm     .   (gloves unavailable)
MR       +....                  (boots unavailable)
Stlth    ++++......             (no amulet)
HPRegen  0.14/turn              W - ring of wizardry (curse) {Wiz+}
MPRegen  0.16/turn              I - ring of protection from cold

@: very quick
A: very small, unfitting armour, see invisible, herbivore, speed 3, slow
metabolism 2
a: Curse Item, Renounce Religion


You were on level 6 of the Dungeon.
You worshipped Ashenzari.
Ashenzari was noncommittal.
You were not hungry.

You visited 1 branch of the dungeon, and saw 6 of its levels.
You also visited: Sewer.

You collected 317 gold pieces.

Inventory:

Hand Weapons
 u - a cursed +4 dagger of venom (weapon)
Missiles
 b - 63 poisoned darts (quivered)
 f - a throwing net {=f}
Armour
 a - a +0 robe (worn)
Jewellery
 m - an uncursed ring of protection from magic
 I - a ring of protection from cold (right hand)
 W - a cursed ring of wizardry (left hand) {Wiz+}
Wands
 y - a wand of polymorph (6)
Scrolls
 h - a scroll of amnesia
 i - 3 scrolls of identify
 p - 2 scrolls of enchant weapon
 q - a scroll of enchant armour {unknown}
 r - 5 scrolls of teleportation {unknown}
 s - a scroll of noise {unknown}
Potions
 c - 7 potions of curing
 d - a potion of berserk rage {unknown}
 g - 4 potions of stabbing {unknown}
 j - 6 potions of flight {unknown}
 k - a potion of might {unknown}
 l - a potion of magic {unknown}
 n - 3 potions of heal wounds {unknown}
 o - a potion of invisibility {unknown}
 w - 2 potions of resistance {unknown}
 x - 4 potions of brilliance {unknown}
 z - a potion of lignification {unknown}
Comestibles
 e - 10 rations


   Skills:
 + Level 1.6 Fighting
 + Level 4.3 Short Blades
 + Level 6.5 Dodging
 + Level 6.8 Stealth
 + Level 5.7 Spellcasting
 * Level 8.0 Transmutations
 * Level 6.7 Poison Magic


You had 6 spell levels left.
You knew the following spells:

 Your Spells              Type           Power        Failure   Level  Hunger
a - Sting                 Tmut/Pois      ####         1%          1    None
b - Poisonous Vapours     Pois/Air       ###...       1%          2    None
c - Ignite Poison         Fire/Tmut/Pois ####....     1%          3    ##.....
d - Olgreb's Toxic Radia  Pois           ####....     2%          4    ####...
x - Mephitic Cloud        Conj/Pois/Air  ##......     5%          3    ##.....

Your spell library contained the following spells:

 Spells                   Type           Power        Failure   Level  Hunger
 Foxfire                  Conj/Fire      #...         4%          1    None
 Conjure Flame            Conj/Fire      #.......     13%         3    ##.....
 Inner Flame              Hex/Fire       #.......     13%         3    ##.....
 Sticky Flame             Conj/Fire      #.......     38%         4    ####...
 Fireball                 Conj/Fire      #.........   71%         5    #####..


Dungeon Overview and Level Annotations

Branches:
Dungeon (6/15)             Temple (0/1) D:5           Sewer (visited)

Altars:
Ashenzari
Kikubaaqudgha
The Shining One

Annotations:
D:5 Yolobob's ghost, amateur DrFE


Innate Abilities, Weirdness & Mutations

You are very small and have problems with some larger weapons.
You are too small for most types of armour.
You have supernaturally acute eyesight. (SInv)
You are a herbivore.
You cover ground extremely quickly.
You need to consume almost no food.


Message History

The orc priest barely misses you. The killer bee zombie misses you.
You take 6 damage, and have 21/41 hp.
Unknown command.
You hit the killer bee zombie.
The killer bee zombie completely misses you.
The orc priest misses you.
You hit the killer bee zombie. The killer bee zombie misses you.
The orc priest misses you.
You hit the killer bee zombie.
You destroy the killer bee zombie!
You barely miss the orc priest.
The orc priest mumbles some strange prayers to Beogh against you.
Beogh smites you!
* * * LOW HITPOINT WARNING * * *
You take 14 damage, and have 8/42 hp.
MASSIVE DAMAGE!!
You hit the orc priest.
The orc priest mumbles some strange prayers to Beogh against you.
Beogh smites you!
You die...

# ##.#..#.##.# #)..# .#.
#.#.......# #...# ....
#........## #...# .. ..
###..##.## #...# ... ..
#..##.# #...#
#..##.#######...#####.
###..##.#...............
..............o........
######.#....@.........
#.#######...##### #.# #...#
#.# #...# ##.# #Z..#
#..#######...#
#.###........#
#.###.###..###
.########.....###..#########


You could see an orc priest.

Levels and vault maps discovered:
D:1:      minmay_arrival_shattered_statue, layout_rooms
D:2:      lemuel_upstairs_altar, layout_basic, grunt_ministairs_15,
          minmay_randomly_rotated_circles
D:3:      layout_rooms, lemuel_zombie_altar_kikubaaqudgha, tso_oasis_becter
D:4:      layout_basic, first_ration, hangedman_feature_mirror, uniq_robin,
          uniq_natasha, uniq_eustachio, uniq_pikel
D:5:      layout_gridville, ashenzari_conservatory_becter,
          minmay_temple_entry_poolview, hellmonk_ghost_happy_afterlife
D:6:      layout_loops_cross, elyvilon_altar_4, gup_sewer_entry_pipe

Notes
Turn   | Place    | Note
-------+----------+-------------------------------------------
     0 | D:1      | lepoulpe303 the Spriggan Venom Mage began the quest for the
                  | Orb.
     0 | D:1      | Reached XP level 1. HP: 9/9 MP: 5/5
   195 | D:1      | Reached skill level 2 in Transmutations
   195 | D:1      | Reached XP level 2. HP: 13/13 MP: 2/6
   199 | D:1      | Learned a level 2 spell: Poisonous Vapours
   246 | D:1      | Identified a +0 club
   251 | D:1      | Identified a +0 dagger
   593 | D:1      | Identified a +0 club
   648 | D:1      | Identified a +0 club
   701 | D:1      | Identified a +0 dagger
   714 | D:1      | HP: 3/13 [kobold/+0 dagger (3)]
  1067 | D:1      | Reached skill level 3 in Spellcasting
  1067 | D:1      | Reached XP level 3. HP: 16/16 MP: 4/8
  1072 | D:1      | Learned a level 3 spell: Ignite Poison
  1264 | D:2      | Identified a +0 short sword
  1317 | D:2      | Identified 2 scrolls of amnesia
  1419 | D:2      | Identified a +0 dagger
  1507 | D:2      | Reached skill level 3 in Transmutations
  1623 | D:2      | Reached XP level 4. HP: 17/21 MP: 9/9
  1628 | D:2      | Learned a level 3 spell: Mephitic Cloud
  1648 | D:2      | Identified a +0 club
  1729 | D:2      | Identified a +0 war axe
  1729 | D:2      | Identified a +0 robe
  1733 | D:2      | Identified a +0 flail
  1767 | D:2      | Reached skill level 1 in Short Blades
  1768 | D:2      | Identified a +0 falchion
  1899 | D:2      | Identified a +0 dagger
  1971 | D:2      | Identified a +0 dagger
  1984 | D:2      | Identified a +0 war axe
  1999 | D:2      | Identified a +0 ring mail
  2005 | D:2      | HP: 4/21 [goblin/+0 war axe (9)]
  2543 | D:3      | Identified a +0 club
  2634 | D:3      | Identified a +0 dagger
  2673 | D:3      | Identified a +0 mace
  2677 | D:3      | Identified a cursed -1 club
  2804 | D:3      | Identified a +0 hand axe
  2807 | D:3      | Identified a +0 flail
  2807 | D:3      | Identified a +0 flail
  2819 | D:3      | Reached XP level 5. HP: 16/24 MP: 11/11
  2822 | D:3      | Identified a +0 morningstar
  2822 | D:3      | Identified a +0 scale mail
  2830 | D:3      | Identified a +0 whip
  2830 | D:3      | Identified a +0 short sword
  2991 | D:3      | Reached skill level 4 in Poison Magic
  2997 | D:3      | Found an ancient bone altar of Kikubaaqudgha.
  3068 | D:3      | Noticed a sky beast
  3096 | D:3      | Killed a sky beast
  3096 | D:3      | Reached skill level 4 in Dodging
  3096 | D:3      | Reached skill level 4 in Stealth
  3096 | D:3      | Reached skill level 4 in Transmutations
  3115 | D:3      | Identified a +0 club
  3117 | D:3      | Identified a +0 dagger
  3117 | D:3      | Identified a cursed -1 robe
  3146 | D:3      | Reached XP level 6. HP: 22/28 MP: 3/12
  3321 | D:3      | Identified a +0 mace
  3322 | D:3      | Identified a +0 hand axe
  3322 | D:3      | Identified a +0 club
  3506 | D:3      | Found a glowing golden altar of the Shining One.
  3530 | D:4      | Reached skill level 2 in Short Blades
  3575 | D:4      | HP: 5/28 [centaur skeleton (5)]
  3589 | D:4      | HP: 4/28 [centaur skeleton (2)]
  3665 | D:4      | HP: 6/28 [leopard gecko (3)]
  3734 | D:4      | Identified a +0 rapier
  3734 | D:4      | Identified a +0 leather armour
  3734 | D:4      | Noticed Eustachio
  3931 | D:4      | Identified a +0 club
  3932 | D:4      | Identified a +0 mace
  3932 | D:4      | Identified a +0 animal skin
  3932 | D:4      | Identified a +1 helmet
  3932 | D:4      | Noticed Robin
  3935 | D:4      | Identified a +0 dagger
  3935 | D:4      | Identified a +0 hunting sling
  3938 | D:4      | Identified a +0 club
  3982 | D:4      | Identified a +2 dagger of venom
  3987 | D:4      | Identified a +0 dagger
  3998 | D:4      | Identified a cursed -3 club
  4011 | D:4      | Killed Eustachio
  4011 | D:4      | Reached skill level 4 in Spellcasting
  4011 | D:4      | Reached skill level 5 in Transmutations
  4027 | D:4      | Reached XP level 7. HP: 27/32 MP: 0/14
  4068 | D:4      | Killed Robin
  4383 | D:4      | Identified a +1 whip of flaming
  4383 | D:4      | Identified a +0 robe
  4383 | D:4      | Noticed Pikel
  4593 | D:4      | Killed Pikel
  4593 | D:4      | Reached skill level 3 in Short Blades
  4593 | D:4      | Reached skill level 5 in Dodging
  4593 | D:4      | Reached skill level 5 in Stealth
  4593 | D:4      | Reached skill level 6 in Transmutations
  4593 | D:4      | Reached skill level 5 in Poison Magic
  4593 | D:4      | Reached XP level 8. HP: 28/36 MP: 4/16
  4741 | D:4      | Noticed Natasha
  4754 | D:4      | Killed Natasha
  4820 | D:4      | Noticed Natasha
  4827 | D:4      | Killed Natasha
  5084 | D:4      | Noticed Natasha
  5096 | D:4      | Killed Natasha
  5202 | D:4      | Identified 4 scrolls of enchant weapon
  5204 | D:4      | Identified 3 scrolls of identify
  5204 | D:4      | Identified a ring of see invisible (You found it on level 2
                  | of the Dungeon)
  5265 | D:4      | HP: 6/36 [phantom (8)]
  5267 | D:4      | Reached skill level 5 in Spellcasting
  5700 | D:5      | Entered Level 5 of the Dungeon
  5744 | D:5      | Identified a +1 whip of electrocution
  5744 | D:5      | Identified a +0 chain mail
  5744 | D:5      | Identified a +0 club
  5744 | D:5      | Identified a +0 leather armour
  5744 | D:5      | Identified a cursed -1 short sword
  5844 | D:5      | Noticed Yolobob's ghost (amateur DrFE)
  5847 | D:5      | Found a runed translucent door.
  5979 | D:5      | Reached skill level 6 in Stealth
  5979 | D:5      | Reached skill level 6 in Poison Magic
  6032 | D:5      | Reached skill level 7 in Transmutations
  6143 | D:5      | Identified a +0 whip
  6143 | D:5      | Identified a +0 ring mail
  6144 | D:5      | Found a shattered altar of Ashenzari.
  6177 | D:5      | Became a worshipper of Ashenzari the Shackled
  6177 | D:5      | Identified a cursed ring of wizardry (You found it on level
                  | 3 of the Dungeon)
  6177 | D:5      | Identified an uncursed ring of protection from cold (You
                  | found it on level 4 of the Dungeon)
  6258 | D:5      | Identified a +0 whip
  6258 | D:5      | Identified a cursed -2 flail
  6258 | D:5      | Identified a +0 dagger
  6258 | D:5      | Identified a +0 ring mail
  6258 | D:5      | Identified a +0 dagger
  6258 | D:5      | Identified a +0 scale mail
  6260 | D:5      | Identified a +0 club
  6331 | D:5      | Reached skill level 6 in Dodging
  6360 | D:5      | Identified a +1 flail of protection
  6360 | D:5      | Identified a +2 vorpal spear
  6380 | D:5      | Identified a +0 spear
  6381 | D:5      | Identified a +0 spear
  6506 | D:5      | Found a staircase to the Ecumenical Temple.
  6535 | D:5      | Identified a +0 hunting sling (You found it on level 1 of
                  | the Dungeon)
  6535 | D:5      | Identified a +0 dagger (You found it on level 2 of the
                  | Dungeon)
  6535 | D:5      | Identified a +0 whip
  6535 | D:5      | Identified a +0 mace
  6711 | D:6      | Identified a +0 dagger
  6711 | D:6      | Identified a cursed -1 flail
  6711 | D:6      | Identified a +0 ring mail
  6916 | D:5      | Reached skill level 1 in Fighting
  7077 | D:6      | Found a glowing drain.
  7101 | Sewer    | Entered a sewer
  7149 | Sewer    | Identified a +0 dagger
  7224 | Sewer    | Identified a +0 whip
  7224 | Sewer    | Identified a +0 whip
  7224 | Sewer    | Identified a +0 dagger
  7264 | Sewer    | Identified 2 potions of degeneration
  7480 | Sewer    | Identified a +0 short sword
  7480 | Sewer    | Identified a cursed -3 dagger
  7480 | Sewer    | Identified a +0 short sword
  7480 | Sewer    | Identified a +0 short sword
  7504 | Sewer    | Learned a level 4 spell: Olgreb's Toxic Radiance
  7516 | Sewer    | Reached skill level 4 in Short Blades
  7592 | Sewer    | Identified a +0 short sword
  7592 | Sewer    | Identified a cursed -2 dagger
  7592 | Sewer    | Identified a +0 dagger
  7967 | D:6      | Identified a +0 war axe
  7967 | D:6      | Identified a cursed +0 chain mail
  7969 | D:6      | Identified a +0 dagger of speed
  7969 | D:6      | Identified a +0 robe
  7969 | D:6      | Identified a +0 dagger
  7969 | D:6      | Identified a +0 robe
  8002 | D:6      | Identified a +0 whip
  8077 | D:6      | Reached XP level 9. HP: 41/41 MP: 11/18
  8140 | D:6      | Identified a ring of protection from magic
  8143 | D:6      | Identified a +0 club
  8143 | D:6      | Identified a +0 leather armour
  8144 | D:6      | Identified a +0 trident
  8289 | D:6      | Reached skill level 8 in Transmutations
  8326 | D:6      | Identified a +0 leather armour
  8327 | D:6      | Identified a +0 dagger
  8327 | D:6      | Identified a +0 robe
  8327 | D:6      | Identified a +0 hand axe
  8327 | D:6      | Identified a +0 dagger
  8331 | D:6      | Identified a +0 dagger
  8331 | D:6      | Identified a +0 ring mail
  8357 | D:6      | HP: 8/42 [orc priest/divine providence (14)]
  8358 | D:6      | Killed from afar by an orc priest

Table legend:
 A = Turns spent in this place as a percentage of turns spent in the entire game.
 B = Non-inter-level travel turns spent in this place as a percentage of non-inter-level travel turns spent in the entire game.
 C = Inter-level travel turns spent in this place as a percentage of turns spent in this place.
 D = Turns resting spent in this place as a percentage of non-inter-level travel turns spent in this place.
 E = Turns spent auto-exploring this place as a percentage of non-inter-level travel turns spent in this place.
 F = Non-inter-level travel turns spent in this place divided by the number of levels of this place that you've seen.
                   A       B       C       D       E      F
               +-------+-------+-------+-------+-------+----------------------
         Total | 100.0 | 100.0 |   2.9 |  28.4 |  36.1 | 1158.9
       Dungeon |  91.6 |  91.3 |   3.2 |  30.8 |  34.9 | 1234.7
         Sewer |   8.4 |   8.7 |   0.0 |   3.6 |  48.4 | 704.0
               +-------+-------+-------+-------+-------+----------------------

Table legend:
 A = Kills in this place as a percentage of kills in entire the game.
 B = Kills by you in this place as a percentage of kills by you in the entire game.
 C = Kills by friends in this place as a percentage of kills by friends in the entire game.
 D = Other kills in this place as a percentage of other kills in the entire game.
 E = Experience gained in this place as a percentage of experience gained in the entire game.
 F = Experience gained in this place divided by the number of levels of this place that you have seen.
                   A       B       C       D       E      F
               +-------+-------+-------+-------+-------+----------------------
         Total | 100.0 | 100.0 |   N/A |   N/A | 100.0 | 457.1
       Dungeon |  77.4 |  77.4 |   N/A |   N/A |  96.0 | 511.8
         Sewer |  22.6 |  22.6 |   N/A |   N/A |   4.0 | 129.0
               +-------+-------+-------+-------+-------+----------------------

Skill      XL: |  1  2  3  4  5  6  7  8  9 |
---------------+----------------------------+-----
Transmutations | 2 3 4 5 6 7 8 |  8.0
Spellcasting   | 3 4 5 |  5.7
Short Blades   | 1 2 3 4 |  4.3
Poison Magic   | 4 5 6 |  6.7
Dodging        | 4 5 6 |  6.5
Stealth        | 4 5 6 |  6.8
Fighting       | 1 |  1.6

Action                   |  1- 3 |  4- 6 |  7- 9 || total
-------------------------+-------+-------+-------++-------
Melee: Unarmed           |     4 |       |       ||     4
       Dagger            |    89 |   191 |   242 ||   522
Throw: Dart              |     3 |       |     8 ||    11
 Cast: Sting             |    36 |    84 |    66 ||   186
       Poisonous Vapours |     3 |     6 |    22 ||    31
       Olgreb's Toxic Ra |       |       |     1 ||     1
Invok: Curse Item        |       |       |     1 ||     1
  Use: Scroll            |     1 |       |     4 ||     5
 Stab: Sleeping          |     4 |     5 |    14 ||    23
       Distracted        |       |     1 |       ||     1
  Eat: Ration            |       |     1 |     2 ||     3
Armor: Robe              |    10 |    32 |     4 ||    46
Dodge: Dodged            |    76 |   207 |   155 ||   438

Vanquished Creatures
  Pikel (D:4)
  Eustachio (D:4)
  An ice beast (D:5)
  2 sky beasts
  An orc warrior (D:6)
  2 slaves (D:4)
  A phantom (D:4)
  A bullfrog (D:6)
  2 scorpions
  A howler monkey (D:5)
  2 crimson imps (D:6)
  5 orc priests
  An iguana (D:5)
  2 centaur skeletons
  3 orc wizards
  Natasha (thrice) (D:4)
  6 worker ants
  A killer bee zombie (D:6)
  Robin (D:4)
  4 gnolls (D:5)
  9 adders
  3 river rats (Sewer)
  An ooze (D:5)
  An adder skeleton (D:5)
  3 worms
  3 dart slugs
  9 leopard geckos
  29 orcs
  6 bats
  3 bat zombies (D:3)
  5 giant cockroaches
  21 goblins
  8 hobgoblins
  6 jackals
  4 quokkas
  6 ball pythons
  2 frilled lizards
  A jackal skeleton (D:5)
  26 kobolds
  26 rats
  A rat zombie (D:3)
214 creatures vanquished.
